 Dungeon Crawl Stone Soup version 0.26-a0-651-gb41185065b (webtiles) character file.

Game seed: 5665194089458772804

71167 Flugslaktarn the Severer (level 14, -3/141 HPs)
             Began as a Deep Dwarf Fighter on Oct 7, 2020.
             Was the Champion of Makhleb.
             Killed from afar by a merfolk aquamancer (22 damage)
             ... with a shard of ice
             ... on level 4 of the Shoals.
             The game lasted 00:10:06 (12596 turns).

Flugslaktarn the Severer (Deep Dwarf Fighter)      Turns: 12596, Time: 00:10:07

Health: -3/141     AC: 34    Str: 29    XL:     14   Next: 96%
Magic:  0/6        EV:  5    Int:  9    God:    Makhleb [******]
Gold:   1382       SH: 13    Dex: 14    Spells: 13/13 levels left

rFire    . . .     SeeInvis +   M - +5 broad axe
rCold    . . .     Faith    .   c - +0 kite shield
rNeg     + + .     Spirit   +   O - +0 crystal plate armour
rPois    .         Reflect  .   b - +2 hat of the Bear Spirit {Spirit, +Rage rN+ MR++}
rElec    +         Harm     .   H - +2 cloak {MR+}
rCorr    .         Rampage  .   n - +0 pair of gloves
MR       +++++                  G - +1 pair of boots
Stlth    ..........             (no amulet)
HPRegen  0.00/turn              (no ring)
MPRegen  0.10/turn              e - +6 ring of strength

@: non-regenerating, studying Fighting, lightly drained, very slow
A: damage resistance, heal wounds, icy blue scales 1, thin metallic scales 1,
see invisible, negative energy resistance 1, sense surroundings 2, electricity
resistance, no regeneration
a: Heal Wounds, Minor Destruction, Lesser Servant of Makhleb, Major Destruction,
Greater Servant of Makhleb, Renounce Religion, Evoke Berserk Rage


You were on level 4 of the Shoals.
You worshipped Makhleb.
Makhleb was exalted by your worship.
You visited 4 branches of the dungeon, and saw 23 of its levels.

You collected 1382 gold pieces.

Inventory:

Hand Weapons
 M - a +5 broad axe (weapon)
   (You found it on level 7 of the Dungeon)
Missiles
 v - 2 throwing nets (quivered)
Armour
 a - a +0 helmet
   (You found it on level 8 of the Dungeon)
 b - the +2 hat of the Bear Spirit (worn) {Spirit, +Rage rN+ MR++}
   (You found it on level 11 of the Dungeon)

   It protects you from negative energy.
   It affects your resistance to hostile enchantments.
   It lets you go berserk.
 c - a +0 kite shield (worn)
 n - a +0 pair of gloves (worn)
   (You found it on level 3 of the Shoals)
 G - a +1 pair of boots (worn)
   (You found it on level 8 of the Dungeon)
 H - a +2 cloak of magic resistance (worn)
   (You took it off Maurice on level 8 of the Dungeon)
 O - a +0 crystal plate armour (worn)
   (You found it on level 15 of the Dungeon)
Jewellery
 e - a +6 ring of strength (right hand)
   (You found it on level 4 of the Dungeon)
 i - an uncursed ring of wizardry {unknown}
   (You found it on level 2 of the Shoals)
Wands
 g - a wand of digging (15)
   (You took it off Sigmund on level 3 of the Dungeon)
 j - a wand of paralysis (21)
   (You found it on level 4 of the Dungeon)
 I - a wand of iceblast (21)
   (You found it on level 9 of the Dungeon)
 K - a wand of enslavement (13)
   (You took it off an orc on level 11 of the Dungeon)
Scrolls
 k - 4 scrolls of fear
 l - a scroll of magic mapping
 r - 4 scrolls of identify
 t - 3 scrolls of teleportation
 x - 8 scrolls of remove curse
 y - 2 scrolls of immolation
 z - 2 scrolls of blinking
 A - a scroll of vulnerability
 E - a scroll of fog
Potions
 d - 2 potions of might
 f - 3 potions of lignification
 h - 3 potions of haste
 p - 4 potions of magic
 q - 3 potions of curing
 s - a potion of cancellation
 w - 4 potions of heal wounds
 B - 2 potions of invisibility
 L - 2 potions of flight
Books
 m - a manual of Fighting
   (You acquired it on level 3 of the Lair of Beasts)
Miscellaneous
 C - a tin of tremorstones (3/3)
   (You found it on level 14 of the Dungeon)


   Skills:
 * Level 13.4(13.1) Fighting
 * Level 15.0(14.7) Axes
 + Level 11.4(11.1) Armour
 + Level 11.3(11.1) Shields
 + Level 12.0(11.7) Invocations
 + Level 8.7(8.5) Evocations


You had 13 spell levels left.
You didn't know any spells.
Your spell library was empty.

Dungeon Overview and Level Annotations

Branches:
Dungeon (15/15)            Temple (1/1) D:4            Lair (3/6) D:8
 Shoals (4/4) Lair:3        Snake (0/4) Lair:3          Orc (0/2) D:12
 Vaults (0/5) D:13         Depths (0/5) D:15

Altars:
Ashenzari
Cheibriados
Dithmenos
Elyvilon
Fedhas
Gozag
Hepliaklqana
Kikubaaqudgha
Makhleb
Nemelex Xobeh
Okawaru
Qazlal
Ru
Sif Muna
Trog
Uskayaw
Vehumet
Wu Jian
Xom
Yredelemnul
Zin
The Shining One
Jiyva

Shops:
D:9 (   D:10 (:(   D:11 (   D:15 :   Shoals:4 *

Portals:
Abyss: D:15

Annotations:
D:15 2 transporters, Rasseqegru's ghost, journeyman DDFi
Lair:3 1 runed translucent door, exclusion: oklob plant, Kiuman's ghost, journeyman TeAE
Shoals:2 1 transporter


Innate Abilities, Weirdness & Mutations

You are resistant to damage.
You can heal yourself by infusing magical energy.
You resist negative energy. (rN+)
You passively map the area around you.
You do not regenerate.
You are partially covered in icy blue scales. (AC +2)
You are partially covered in thin metallic scales. (AC +2)
You have supernaturally acute eyesight. (SInv)
You are resistant to electric shocks. (rElec)


Message History

The snapping turtle bites you from afar.
You block the merfolk impaler's attack.
Your unstable footing causes you to fumble your attack.
The merfolk aquamancer gestures at you while chanting.
The shard of ice hits you!! You block the merfolk impaler's attack.
The alligator snapping turtle barely misses you.
The merfolk impaler closely misses you.
The merfolk impaler hits you but does no damage.
The snapping turtle bites you but does no damage.
You are too injured to fight recklessly!
You are too injured to fight recklessly!
You are too injured to fight recklessly!
You are too injured to fight recklessly!
The merfolk aquamancer gestures at you while chanting.
The shard of ice hits you!!
* * * LOW HITPOINT WARNING * * *
You block the merfolk impaler's attack.
The merfolk aquamancer points at you and mumbles some strange words.
The shard of ice hits you!!
You die...

≈ ≈ * ≈ ≈≈#≈≈≈≈≈≈≈≈≈≈≈
≈ ≈#≈≈..P.≈≈≈≈≈ ≈ ≈ ≈
≈ *###≈≈≈P.......≈≈ ≈
##≈≈≈≈..........≈≈ ≈ ≈
.≈≈≈≈≈≈.m........ ≈≈
≈..≈≈≈≈≈.......... ,,
≈ ≈ ≈
≈..≈≈≈≈mmtt....... **
≈ ≈..≈≈≈≈m≈........# ≈
≈≈ ≈..≈≈≈≈≈≈@.....≈# *
≈ ≈≈≈≈≈≈≈≈≈≈≈.....# ,≈
≈ ≈≈≈≈≈≈≈≈≈≈≈....≈# ,
≈ ≈≈≈≈≈≈≈≈≈≈≈≈≈...##*
≈ * *
≈≈≈≈≈≈≈≈≈≈≈≈≈≈..# *≈ ≈
≈≈
≈≈≈≈.≈≈≈≈≈≈≈≈≈≈≈≈≈≈#
≈≈ ≈ *
≈≈≈≈..≈≈≈≈≈..≈≈≈≈≈≈#≈≈
≈
≈≈≈≈≈.≈≈.......≈≈≈≈≈#
* ≈
≈≈≈≈≈≈≈≈.......≈≈≈≈≈≈


You could see an alligator snapping turtle, 2 merfolk impalers, a merfolk
aquamancer, a snapping turtle and a merfolk.

Vanquished Creatures
  A kraken (Shoals:1)
  Kirke (D:15)
  2 merfolk javelineers
  Josephine (D:10)
  4 hydras
  3 vault guards (D:13)
  6 centaur warriors
  A merfolk avatar (Shoals:1)
  A satyr (Shoals:3)
  A merfolk aquamancer (Shoals:3)
  An ogre mage (D:15)
  12 two-headed ogres
  Nergalle (Lair:1)
  4 skeletal warriors (D:15)
  2 unseen horrors
  4 wizards
  3 sea snakes
  Pikel (D:4)
  A necromancer (D:13)
  An orc sorcerer (D:15)
  5 ugly things
  4 deep elf magi
  A cyclops (Shoals:2)
  6 fauns
  3 manticores
  Maurice (D:8)
  A merfolk siren (Shoals:3)
  A naga mage (D:15)
  2 black mambas
  4 cane toads
  A yaktaur (D:13)
  5 polar bears (Lair:2)
  2 trolls (D:13)
  2 merfolk
  2 wind drakes
  2 dream sheep (Shoals:2)
  A hornet (Lair:3)
  8 slime creatures
  A hippogriff (D:7)
  4 blink frogs (Lair:3)
  A dream sheep (shapeshifter) (D:15)
  Sigmund (D:3)
  A snapping turtle (Shoals:2)
  5 wraiths
  A shadow (D:13)
  4 water elementals (Shoals:3)
  3 wyverns
  14 yaks
  2 vampires (D:12)
  2 basilisks (Lair:3)
  5 hogs
  19 humans
  8 vampire mosquitoes
  3 wargs (D:12)
  An acid dragon (D:13)
  A swamp drake (D:11)
  7 porcupines
  8 water moccasins
  6 orc warriors
  3 phantoms
  8 ice beasts
  10 black bears (Lair:2)
  An eye of draining (D:8)
  A necrophage (D:9)
  12 wolves
  3 sky beasts
  A tengu (shapeshifter) (D:15)
  6 ogres
  9 centaurs
  7 crocodiles
  4 big kobolds
  12 bullfrogs
  A gnoll sergeant (D:10)
  5 scorpions
  8 killer bees
  6 wights
  2 howler monkeys
  An electric eel (D:15)
  2 bullfrog zombies
  A crimson imp (D:11)
  A quasit (D:6)
  2 centaur zombies
  7 jellies
  11 orc priests
  A bullfrog skeleton (D:4)
  8 hounds
  An iron imp (D:11)
  9 worker ants
  3 iguanas
  13 orc wizards
  2 hound skeletons
  2 hound zombies (D:5)
  6 gnolls
  10 adders
  4 shadow imps
  4 white imps
  2 ufetubi
  2 adder zombies
  4 worms
  3 dart slugs
  2 leopard geckos
  65 orcs
  3 bats
  3 giant cockroaches
  4 goblins
  3 hobgoblins
  12 jackals
  23 kobolds
  3 frilled lizards
  A leopard gecko skeleton (D:7)
  A quokka skeleton (D:4)
  A quokka zombie (D:7)
  3 rats
  4 tentacles (Shoals:1)
525 creatures vanquished.

Vanquished Creatures (collateral kills)
  2 hydras
  A catoblepas (D:14)
  A cane toad (Lair:2)
  A basilisk (Lair:2)
  3 yaks (D:14)
  A vampire mosquito (D:14)
  An acid dragon (D:14)
  A porcupine (Lair:2)
11 creatures vanquished.

Vanquished Creatures (others)
  A wizard (D:7)
  A centaur simulacrum (D:15)
  An orc wizard (D:3)
  4 fungi
  27 plants
  5 tentacles (Shoals:1)
  2 withered plants (Lair:3)
41 creatures vanquished.

Grand Total: 577 creatures vanquished

Notes
Turn   | Place    | Note
-------+----------+-------------------------------------------
     0 | D:1      | Flugslaktarn the Deep Dwarf Fighter began the quest for the
                  | Orb.
     0 | D:1      | Reached XP level 1. HP: 20/20 MP: 1/1
    34 | D:2      | Reached XP level 2. HP: 24/27 MP: 2/2
   115 | D:2      | Reached XP level 3. HP: 32/34 MP: 3/3
   132 | D:2      | Reached skill level 3 in Axes
   148 | D:2      | Found a stormy altar of Qazlal.
   318 | D:3      | Reached XP level 4. HP: 28/42 MP: 4/4
   433 | D:3      | Noticed Sigmund
   444 | D:3      | Killed Sigmund
   444 | D:3      | Reached skill level 4 in Axes
   444 | D:3      | Reached XP level 5. HP: 18/50 MP: 4/4
   459 | D:3      | Reached XP level 6. HP: 36/57 MP: 4/4
   660 | D:3      | Found a hide-covered altar of Uskayaw.
   660 | D:3      | Found a faded altar of an unknown god.
   665 | D:3      | Found a shimmering blue altar of Sif Muna.
   667 | D:3      | Found a snail-covered altar of Cheibriados.
   669 | D:3      | Found a faded altar of an unknown god.
   778 | D:4      | Found a shimmering altar of Xom.
   886 | D:4      | Noticed Pikel
   899 | D:4      | Killed Pikel
   899 | D:4      | Reached skill level 5 in Fighting
   899 | D:4      | Reached skill level 5 in Axes
   899 | D:4      | Reached skill level 5 in Armour
   899 | D:4      | Reached skill level 5 in Shields
   899 | D:4      | Reached XP level 7. HP: 28/67 MP: 4/4
   944 | D:4      | Found a staircase to the Ecumenical Temple.
   992 | Temple   | Entered the Ecumenical Temple
  1117 | Temple   | Became a worshipper of Makhleb the Destroyer
  1142 | D:4      | Reached skill level 6 in Axes
  1504 | D:5      | Entered Level 5 of the Dungeon
  1598 | D:5      | Reached skill level 1 in Invocations
  1598 | D:5      | Reached XP level 8. HP: 55/75 MP: 5/5
  1807 | D:5      | Found an ornate altar of the Wu Jian Council.
  1867 | D:5      | Reached * piety under Makhleb
  2096 | D:6      | Reached skill level 7 in Axes
  2278 | D:6      | Gained mutation: You passively map the area around you.
                  | [Deep Dwarf growth]
  2278 | D:6      | Reached XP level 9. HP: 61/85 MP: 3/3
  2726 | D:7      | Reached ** piety under Makhleb
  2781 | D:7      | Found a bloodstained altar of Trog.
  2782 | D:7      | Noticed a wizard
  2787 | D:7      | Killed a wizard
  2839 | D:7      | Found an opulent altar of Gozag.
  2840 | D:7      | Found a glowing silver altar of Zin.
  2893 | D:7      | Reached skill level 8 in Axes
  2895 | D:7      | Found a hazy altar of Hepliaklqana.
  3189 | D:7      | Found a shadowy altar of Dithmenos.
  3404 | D:8      | Found a staircase to the Lair.
  3812 | D:8      | Noticed Maurice
  3827 | D:8      | Killed Maurice
  3827 | D:8      | Reached skill level 5 in Invocations
  3897 | D:8      | Found an iron altar of Okawaru.
  3913 | D:8      | Reached skill level 9 in Axes
  3913 | D:8      | Reached XP level 10. HP: 96/96 MP: 4/6
  4044 | D:8      | Found an ancient bone altar of Kikubaaqudgha.
  4274 | D:9      | Noticed a two-headed ogre
  4289 | D:8      | Reached *** piety under Makhleb
  4291 | D:8      | Killed a two-headed ogre
  4309 | D:9      | Found a sacrificial altar of Ru.
  4503 | D:9      | Found Meduuxko's Antique Weapon Shoppe.
  4996 | D:10     | Entered Level 10 of the Dungeon
  5034 | D:10     | Found Qorcheib's Antique Weapon Shop.
  5059 | D:10     | Reached **** piety under Makhleb
  5060 | D:10     | Found Lyitiewe's Antique Weapon Shoppe.
  5134 | D:10     | Killed an unseen horror
  5134 | D:10     | Reached skill level 10 in Axes
  5385 | D:10     | Found Qegam's Book Shop.
  5457 | D:10     | Noticed Josephine
  5665 | D:10     | Killed Josephine
  5665 | D:10     | Reached XP level 11. HP: 95/106 MP: 8/8
  5961 | D:11     | Found Yschuy's Antique Weapon Emporium.
  6018 | D:11     | Noticed a two-headed ogre
  6030 | D:11     | Killed a two-headed ogre
  6070 | D:11     | Got a warped chain mail
  6091 | D:11     | Identified the cursed +0 chain mail of Terror {Int+2} (You
                  | found it on level 11 of the Dungeon)
  6333 | D:11     | Noticed a deep elf mage
  6334 | D:11     | Found the +2 hat of the Bear Spirit {Spirit, +Rage rN+
                  | MR++}
  6346 | D:11     | Killed a deep elf mage
  6367 | D:11     | Noticed a deep elf mage
  6382 | D:11     | Killed a deep elf mage
  6497 | D:11     | Killed an unseen horror
  6497 | D:11     | Reached ***** piety under Makhleb
  6686 | D:12     | Reached skill level 11 in Axes
  6789 | D:12     | Found a staircase to the Orcish Mines.
  6823 | D:12     | Noticed a two-headed ogre
  6834 | D:12     | Killed a two-headed ogre
  7257 | D:12     | Noticed a deep elf mage
  7259 | D:12     | Noticed a centaur warrior
  7409 | D:12     | Killed a centaur warrior
  7409 | D:12     | Reached skill level 10 in Fighting
  7494 | D:12     | Noticed a sun demon
  7501 | D:12     | Killed a deep elf mage
  7919 | D:13     | Reached XP level 12. HP: 114/116 MP: 0/10
  7923 | D:13     | Reached skill level 1 in Evocations
  8222 | D:13     | Reached skill level 12 in Axes
  8295 | D:13     | Noticed a two-headed ogre
  8309 | D:13     | Killed a two-headed ogre
  8336 | D:13     | Found a gate to the Vaults.
  8336 | D:13     | Noticed a vault guard
  8336 | D:13     | Noticed a vault guard
  8336 | D:13     | Noticed a vault guard
  8347 | D:13     | Killed a vault guard
  8363 | D:13     | Killed a vault guard
  8377 | D:13     | Killed a vault guard
  8464 | D:13     | Noticed a two-headed ogre
  8467 | D:13     | Killed a two-headed ogre
  8471 | D:13     | Noticed a centaur warrior
  8487 | D:13     | Killed a centaur warrior
  8542 | D:13     | Reached XP level 13. HP: 102/127 MP: 0/11
  8630 | D:13     | Reached skill level 10 in Invocations
  8642 | D:13     | Reached ****** piety under Makhleb
  8735 | D:13     | Reached skill level 13 in Axes
  8840 | D:13     | Reached skill level 10 in Armour
  8840 | D:13     | Reached skill level 5 in Evocations
  8989 | D:14     | Reached skill level 10 in Shields
  9353 | D:15     | Entered Level 15 of the Dungeon
  9356 | D:15     | Noticed Kirke
  9415 | D:15     | Found Kumpezix's Book Boutique.
  9449 | D:15     | Killed Kirke
  9965 | D:15     | Identified the +7 scimitar of Reufik {distort, +Rage Str-4
                  | Dex+2}
  9965 | D:15     | Noticed a brown very ugly thing
  9965 | D:15     | Noticed a hellephant
 10034 | D:15     | Noticed a tentacled starspawn
 10034 | D:15     | Noticed a brown very ugly thing
 10034 | D:15     | Noticed Rasseqegru's ghost (journeyman DDFi)
 10040 | D:15     | Found a transporter.
 10052 | D:15     | Found a transporter.
 10053 | D:15     | Found a one-way gate to the infinite horrors of the Abyss.
 10114 | D:15     | Reached skill level 14 in Axes
 10114 | D:15     | Gained mutation: You resist negative energy. (rN+) [Deep
                  | Dwarf growth]
 10114 | D:15     | Reached XP level 14. HP: 106/138 MP: 0/8
 10193 | D:15     | Found a staircase to the Depths.
 10297 | D:15     | Gained mutation: Your magical capacity is low. (-10% MP)
                  | [potion of mutation]
 10297 | D:15     | Gained mutation: Your magical capacity is very low. (-20%
                  | MP) [potion of mutation]
 10297 | D:15     | Gained mutation: You have supernaturally acute eyesight.
                  | (SInv) [potion of mutation]
 10297 | D:15     | Gained mutation: You are partially covered in thin metallic
                  | scales. (AC +2) [potion of mutation]
 10610 | Lair:1   | Entered Level 1 of the Lair of Beasts
 10614 | Lair:1   | Lost mutation: Your magical capacity is very low. (-20% MP)
                  | [potion of mutation]
 10614 | Lair:1   | Lost mutation: Your magical capacity is low. (-10% MP)
                  | [potion of mutation]
 10614 | Lair:1   | Gained mutation: You are partially covered in icy blue
                  | scales. (AC +2) [potion of mutation]
 10614 | Lair:1   | Gained mutation: You are resistant to electric shocks.
                  | (rElec) [potion of mutation]
 10719 | Lair:1   | Noticed Nergalle
 10734 | Lair:1   | Killed Nergalle
 11726 | Lair:3   | Found a staircase to the Snake Pit.
 11831 | Lair:3   | Found a staircase to the Shoals.
 11851 | Lair:3   | Found a runed translucent door.
 11853 | Lair:3   | Noticed Kiuman's ghost (journeyman TeAE)
 12122 | Shoals:1 | Entered Level 1 of the Shoals
 12122 | Shoals:1 | Noticed a kraken
 12144 | Shoals:1 | Killed a kraken
 12203 | Lair:3   | Identified a scroll of acquirement
 12203 | Lair:3   | Acquired a manual of Fighting
 12311 | Shoals:2 | Found a transporter.
 12531 | Shoals:3 | Reached skill level 15 in Axes
 12550 | Shoals:4 | Entered Level 4 of the Shoals
 12550 | Shoals:4 | Found Odiroer's Assorted Antiques.
 12596 | Shoals:4 | Killed from afar by a merfolk aquamancer

Illustrated notes

Levels and vault maps discovered:
D:1:      minmay_arrival_checkered_box, layout_loops_ring, minmay_crystal_water
D:2:      layout_rooms, nicolae_qazlal_general_emergency
D:3:      layout_rooms, chequers_temple_overflow_minitemple, uniq_sigmund
D:4:      layout_loops_ring, lemuel_round_altar, minmay_temple_entry_hall,
          serial_glass, glass_columns_c, glass_columns_a, item_on_display_a,
          feat_on_display, uniq_pikel
D:5:      layout_cave_pools, old_standard_altar
D:6:      layout_gridville, chequers_serial_rivers_small_3
D:7:      layout_basic, grunt_temple_overflow_gold_and_silver,
          riverfiend_overflow_shadow_ancestor, minmay_misc_feat_four_crosses,
          trog_wizard
D:8:      layout_loops_corners, kiku_gazebo_pond_becter, lair_entry_dummy,
          okawaru_humans, uniq_maurice
D:9:      layout_stronghold, basic_altar, serial_shops, shop
D:10:     layout_big_octagon, serial_shops, nicolae_shop_overgrown_old_shop,
          shop, shop, serial_co_window_serial, co_window_paths_a,
          co_window_paths_a, co_window_corner_a, co_window_paths_b,
          co_window_corner_a, co_window_corner_b, co_window_broadway_c,
          co_window_broadway_b, co_window_4corner_a, blue_anna_alchemist
          [blue_anna_fruit_fields, blue_anna_fruit_fields], uniq_josephine
D:11:     layout_cave_pools, serial_shops, shop, hangedman_minor_magic
D:12:     layout_layer_cave, minmay_orc_entry_guard_dogs
D:13:     layout_irregular_city, grunt_vaults_entry_tiered
D:14:     layout_cave_pools, minmay_fountain_box, corexii_corridor_pit
D:15:     grunt_enter_depths_magical_seal, layout_basic,
          gammafunk_ghost_abyssal_escape, serial_shops, shop,
          skrybe_limestone_x, serial_park_tiny_1, uniq_kirke
Temple:   pf_slime_end_temple
Lair:1:   layout_roguey, lemuel_fruit_fields, grunt_megastairs_2, uniq_grum,
          uniq_nergalle
Lair:2:   beast_lair_carwin_large_4, layout_cave_shapes
Lair:3:   layout_concentric_octagons, elwin_shoals_entry_rocks,
          guppyfry_snake_entry_garden, gammafunk_ghost_grave,
          serial_bayou_shore_a, infiniplex_staircase_pool,
          minmay_lair_oklob_chamber
Shoals:1: layout_shoals, ebering_ghost_disaster_area
Shoals:2: gammafunk_its_a_trap, layout_shoals
Shoals:3: layout_shoals, uniq_polyphemus, uniq_mara
Shoals:4: shoals_end_grunt_ice, layout_shoals, serial_shops, shop, shop, shop,
          nicolae_shop_overgrown_old_shop, shop, kb_tengu_band

Skill      XL: |  1  2  3  4  5  6  7  8  9 10 11 12 13 14 |
---------------+-------------------------------------------+-----
Fighting       | 3 4 5 6 7 9 10 11 12 13 | 13.4
Axes           | 3 4 5 6 7 9 10 11 12 14 15 | 15.0
Armour         | 4 5 6 7 8 9 10 11 | 11.4
Shields        | 4 5 6 7 8 9 10 11 | 11.3
Invocations    | 1 3 5 7 8 9 11 12 | 12.0
Evocations     | 4 7 8 |  8.7

Action                   |  1- 3 |  4- 6 |  7- 9 | 10-12 | 13-15 || total
-------------------------+-------+-------+-------+-------+-------++-------
Melee: War axe           |   110 |    73 |   239 |       |       ||   422
       Broad axe         |       |       |   102 |   669 |   779 ||  1550
Invok: Lesser Servant of |       |       |       |       |    10 ||    10
 Abil: Heal Wounds       |     1 |     8 |    11 |     9 |    25 ||    54
Evoke: Wand              |       |       |       |       |     5 ||     5
       Tin of tremorston |       |       |       |       |     5 ||     5
  Use: Scroll            |       |     7 |     7 |     8 |    14 ||    36
       Potion            |       |       |     1 |     2 |     3 ||     6
 Stab: Petrifying        |       |       |       |       |     1 ||     1
       Petrified         |       |       |       |       |     1 ||     1
       Distracted        |       |       |       |       |     3 ||     3
Armor: Scale mail        |    60 |    39 |    66 |       |       ||   165
       Plate armour      |       |       |   140 |   525 |   245 ||   910
       Crystal plate arm |       |       |       |       |   366 ||   366
Dodge: Dodged            |    33 |    19 |    83 |   179 |   161 ||   475
Block: Kite shield       |    66 |    46 |   229 |   557 |   603 ||  1501

Table legend: (Time is in decaauts)
 A = Elapsed time spent in this place.
 B = Non-inter-level travel time spent in this place.
 C = Inter-level travel time spent in this place.
 D = Time resting spent in this place.
 E = Time spent auto-exploring this place.
 F = Levels seen in this place.
 G = Mean time per level.
                   A        B        C        D        E       F      G
               +--------+--------+--------+--------+--------+-----+--------+
         Total |  12858 |  12139 |    719 |    195 |   8169 |  23 |  559.0 |
       Dungeon |  10715 |  10152 |    563 |    195 |   6938 |  15 |  714.3 |
        Temple |    138 |    118 |     20 |      0 |    116 |   1 |  138.0 |
          Lair |   1521 |   1431 |     90 |      0 |    972 |   3 |  507.0 |
        Shoals |    482 |    437 |     45 |      0 |    143 |   4 |  120.5 |
               +--------+--------+--------+--------+--------+-----+--------+

Top non-repeatable levels by time:
    D:12: 1260 daAuts
    D:15: 1080 daAuts
    D:13: 959 daAuts
     D:8: 957 daAuts
    D:10: 927 daAuts
    D:11: 851 daAuts
     D:7: 722 daAuts
     D:9: 722 daAuts
  Lair:3: 686 daAuts
     D:4: 680 daAuts
     D:6: 643 daAuts
  Lair:2: 626 daAuts
    D:14: 579 daAuts
     D:5: 567 daAuts
     D:3: 537 daAuts
